[Event "XV South American-ch Open U20 2019"]
[Site "Asuncion"]
[Date "2019.05.16"]
[Round "8.1"]
[White "Zambrano Acebo, Jean Junior"]
[Black "Estrada Lavin, Cristian Alexand"]
[Result "1/2-1/2"]
[ECO "B22"]
[WhiteElo "2174"]
[BlackElo "2116"]
[Annotator "NA RC"]
[PlyCount "108"]
[EventDate "2019.05.11"]
[EventType "swiss"]
[EventCountry "PAR"]
[SourceTitle "playchess.com"]
[Source "ChessBase"]
[SourceQuality "1"]
[TimeControl "5400+30"]

1. e4 c5 2. d4 cxd4 3. c3 Nf6 4. e5 Nd5 5. Qxd4 e6 6. Nf3 Nc6 7. Qe4 d6 8. Nbd2 Be7 9. Nc4 {[%emt 0:09:30] B22: Sicilian: 2 c3} (9. exd6 Qxd6 10. Nc4 Qc7 11. Bd3 f5 12. Qe2 O-O 13. O-O Bf6 14. Re1 Bd7 15. Nce5 Rae8 16. Nxc6 bxc6 {1-0 (58) Richter,W (2399)-Ginsburg,G (2526) Germany 2010}) 9... dxe5 10. Ncxe5 Nxe5 11. Nxe5 O-O 12. Bd3 Nf6 13. Qe2 Qd5 $146 ({Predecessor:} 13... Qc7 14. Bg5 b6 15. O-O Bb7 16. Rad1 Rad8 17. Rd2 Rd5 18. f4 Bc5+ 19. Kh1 Nd7 20. c4 Rd4 21. b4 f6 22. Nxd7 Qxd7 23. bxc5 fxg5 24. cxb6 gxf4 25. bxa7 {0-1 (35) Besner,B (2153)-Koch,M (2217) Bad Neustadt 2003}) 14. O-O b6 15. c4 (15. Rd1 $5 Qc5 16. Bb5 $14) 15... Qc5 16. b4 Qc7 17. a3 Bb7 18. Bf4 Bd6 19. Rac1 Nd7 (19... Rfd8 $11) 20. Nxd7 $1 ({Not} 20. Qh5 $2 g6 $19) 20... Qxd7 {[%emt 0:00:16] [#]} (20... Bxf4 $14 21. Nxf8 Rxf8) 21. Rfd1 (21. Bxh7+ $1 $16 Kxh7 22. Qd3+ {[%mdl 64] Double Attack} Kg8 23. Bxd6) 21... Qc6 22. Be4 Qxe4 23. Qxe4 Bxe4 24. Bxd6 Rfd8 25. Be7 Rxd1+ 26. Rxd1 Bc6 27. b5 Be8 28. f4 f6 29. Rd6 Kf7 30. Rd8 Rxd8 31. Bxd8 e5 32. fxe5 fxe5 33. Kf2 Ke6 34. Ke3 Kd6 35. Kd3 Bg6+ 36. Kc3 Be4 37. g3 h6 38. g4 $1 Bf3 (38... Kd7 $5 39. Bh4 $8 g5 $14) 39. g5 h5 40. g6 $1 Be4 41. Kb4 Bxg6 42. a4 e4 43. Bg5 Bf5 44. Be3 Kc7 45. a5 bxa5+ 46. Kxa5 Kb7 47. c5 Bc8 48. c6+ Ka8 49. Kb4 Bg4 50. Kc5 Bh3 51. Kd6 Bf1 52. Kc5 Bh3 53. Kd6 Bf1 54. Kc5 Bh3 1/2-1/2

[Event "XV South American-ch Open U20 2019"]
[Site "Asuncion"]
[Date "2019.05.16"]
[Round "8.8"]
[White "Suarez, Pedro"]
[Black "Melian, Juan Sebastian"]
[Result "1/2-1/2"]
[ECO "E11"]
[WhiteElo "2077"]
[BlackElo "1786"]
[Annotator "NA RC"]
[PlyCount "43"]
[EventDate "2019.05.11"]
[EventType "swiss"]
[EventCountry "PAR"]
[SourceTitle "playchess.com"]
[Source "ChessBase"]
[SourceQuality "1"]
[TimeControl "5400+30"]

1. d4 Nf6 2. c4 e6 3. Nf3 Bb4+ 4. Bd2 a5 5. g3 O-O 6. Bg2 Bxd2+ 7. Nbxd2 Qe7 8. O-O d6 9. Qc2 e5 10. e3 c6 11. c5 dxc5 {dx} 12. dxe5 Nfd7 13. Qe4 $14 Re8 14. Rac1 Nxe5 15. Nxe5 Qxe5 16. Qxe5 Rxe5 17. Nc4 Re8 18. Nb6 Ra6 19. Nxc8 Rxc8 20. Bh3 Re8 21. Rxc5 Rb6 22. Rb1 1/2-1/2

[Event "XV South American-ch Open U20 2019"]
[Site "Asuncion"]
[Date "2019.05.16"]
[Round "8.9"]
[White "Gomez Barrera, Gonzalo Andres"]
[Black "Cosme Contreras, Trilce"]
[Result "1/2-1/2"]
[ECO "E90"]
[WhiteElo "2058"]
[BlackElo "2051"]
[Annotator "NA RC"]
[PlyCount "83"]
[EventDate "2019.05.11"]
[EventType "swiss"]
[EventCountry "PAR"]
[SourceTitle "playchess.com"]
[Source "ChessBase"]
[SourceQuality "1"]
[TimeControl "5400+30"]

1. d4 Nf6 2. c4 g6 3. Nc3 Bg7 4. e4 d6 5. h3 O-O 6. Be3 c5 7. Nf3 Qa5 {E90: King's Indian: Classical: Early deviations and 6 h3} 8. Bd3 Nc6 {[#]} 9. O-O (9. d5 $1 $16) 9... Nd7 10. d5 Nd4 11. Bxd4 $146 ({Predecessor:} 11. Bd2 Nxf3+ 12. Qxf3 Ne5 13. Qe2 a6 14. Bc2 b5 15. cxb5 axb5 16. Nxb5 {½-½ (44) Perez Ponsa,F (2583)-Vovk,A (2633) chess.com INT 2017}) 11... cxd4 12. Nb5 Qb6 13. Rb1 a6 14. Na3 e5 15. dxe6 fxe6 16. b4 Ne5 17. Nxe5 Bxe5 18. c5 dxc5 19. Nc4 Qc7 20. bxc5 Qxc5 21. Nb6 Rb8 22. Qb3 $11 Qd6 23. Bc4 Re8 24. f4 Bxf4 25. Rxf4 Qxf4 26. Nxc8 Rbxc8 27. Bxe6+ Kh8 28. Bxc8 Rxc8 29. Qxb7 Qe3+ 30. Kh1 Re8 31. Rf1 d3 32. Rf7 Qh6 33. Qd7 Rf8 34. Rxf8+ Qxf8 35. Qxd3 Qc5 36. Qd8+ Kg7 37. Qd7+ Kf6 38. Qd8+ Ke5 39. Qg5+ Kd4 40. Qd2+ Kxe4 41. Qe2+ Qe3 42. Qxa6 1/2-1/2

[Event "XV South American-ch Open U20 2019"]
[Site "Asuncion"]
[Date "2019.05.16"]
[Round "8.10"]
[White "Orrego Palermo, Marcelo"]
[Black "Allo Collante, Enrique"]
[Result "1/2-1/2"]
[ECO "D13"]
[WhiteElo "1632"]
[BlackElo "1595"]
[Annotator "NA RC"]
[PlyCount "62"]
[EventDate "2019.05.11"]
[EventType "swiss"]
[EventCountry "PAR"]
[SourceTitle "playchess.com"]
[Source "ChessBase"]
[SourceQuality "1"]
[TimeControl "5400+30"]

1. d4 d5 2. c4 c6 3. cxd5 cxd5 4. Nc3 Nf6 5. Bf4 e6 6. e3 Nc6 7. Bd3 Be7 8. Nf3 O-O 9. O-O a6 10. Na4 Re8 11. Qb3 Nd7 12. Rfc1 Qa5 13. a3 h6 14. Qc2 Qd8 15. b4 e5 16. Bxe5 Ndxe5 17. dxe5 Bf8 18. Rd1 Nxe5 19. Be2 Bd7 20. Nxe5 Rxe5 21. Nc3 Bc6 22. Bf3 Rc8 23. Qb3 Qf6 24. Nxd5 Qg6 25. e4 Rg5 26. Rac1 Bd6 27. Qe3 Re8 28. Qd3 Qe6 29. Ne3 Bf4 30. Rc3 Be5 31. Rcc1 Bf4 1/2-1/2

[Event "XV South American-ch Open U20 2019"]
[Site "Asuncion"]
[Date "2019.05.16"]
[Round "8.11"]
[White "Avalos Sanabria, Augusto Alfredo"]
[Black "Ayala Ruiz, Miguel Angel"]
[Result "1-0"]
[ECO "B41"]
[WhiteElo "1474"]
[BlackElo "1444"]
[Annotator "NA RC"]
[PlyCount "117"]
[EventDate "2019.05.11"]
[EventType "swiss"]
[EventCountry "PAR"]
[SourceTitle "playchess.com"]
[Source "ChessBase"]
[SourceQuality "1"]
[TimeControl "5400+30"]

1. e4 c5 2. Nf3 e6 3. d4 cxd4 4. Nxd4 a6 5. c4 Nf6 6. Nc3 Qc7 7. Be3 Bb4 8. f3 b6 9. Qb3 Be7 10. Be2 d6 11. f4 Bb7 12. Qc2 Nbd7 13. b4 O-O 14. O-O Rac8 15. Rac1 Rfe8 16. Rf3 d5 17. cxd5 exd5 18. Nxd5 Nxd5 19. exd5 Qxc2 20. Rxc2 Bxd5 21. Rxc8 Rxc8 22. Rg3 Bxb4 23. Bxa6 Ra8 24. Bb5 Nf6 25. Nc2 Bd6 26. a4 Bb3 27. Ne1 Nd5 28. Bxb6 Bxa4 29. Bxa4 Nxb6 30. Bb3 Ra1 31. Kf1 Bxf4 32. Rf3 Bd2 33. Bxf7+ Kh8 34. Rd3 Rxe1+ 35. Kf2 g6 36. Rxd2 Re7 37. Ba2 Kg7 38. g4 Nd7 39. g5 Nc5 40. Rd5 Ne4+ 41. Kf3 Nc3 42. Ra5 Re2 43. Ra7+ Kf8 44. Ra8+ Ke7 45. Ra7+ Kd6 46. Bg8 Rxh2 47. Bxh7 Rh5 48. Kg4 Nd5 49. Bxg6 Rh1 50. Be4 Rg1+ 51. Kh5 Nf4+ 52. Kh6 Ne6 53. g6 Rg4 54. Bf3 Rf4 55. Bh5 Rf8 56. Kh7 Rf5 57. Bg4 Nf8+ 58. Kg7 Ne6+ 59. Kh6 1-0

[Event "XV South American-ch Open U20 2019"]
[Site "Asuncion"]
[Date "2019.05.16"]
[Round "8.12"]
[White "Araoz Andrade, Ivan Alexander"]
[Black "Menacho Admen, Victor Gabriel"]
[Result "1-0"]
[ECO "D35"]
[WhiteElo "1843"]
[BlackElo "1103"]
[Annotator "NA RC"]
[PlyCount "45"]
[EventDate "2019.05.11"]
[EventType "swiss"]
[EventCountry "PAR"]
[SourceTitle "playchess.com"]
[Source "ChessBase"]
[SourceQuality "1"]
[TimeControl "5400+30"]

1. d4 d5 2. c4 e6 3. Nc3 Nf6 4. cxd5 exd5 5. Bg5 Be7 6. e3 Nc6 7. Qb3 {D35: Queen's Gambit Declined: Exchange Variation} (7. Bd3 O-O 8. Nge2 Nb4 9. Bb1 c6 10. Ng3 Na6 11. h4 c5 12. a3 cxd4 13. Qxd4 Re8 14. h5 h6 15. Bh4 Bc5 16. Qd3 d4 17. Bxf6 Qxf6 18. Nd5 {1-0 (18) Bru Rullo,L (2179)-Saldana Caballe,J (2061) Tarragona 2018}) 7... Be6 8. Qxb7 Bd7 $146 ({Predecessor:} 8... Rb8 9. Qxc6+ Bd7 10. Qa6 Ra8 11. Bb5 O-O 12. Bxd7 Qxd7 13. Nf3 Rfb8 14. Qa4 c6 {1-0 (32) Carstens Dobuchak,T (1838)-Weise,W Curitiba 2010}) 9. Qb3 Be6 10. Bb5 O-O 11. Bxc6 Rb8 12. Qc2 h6 13. Bxf6 Bxf6 14. Nf3 Qd6 15. Bb5 c6 16. Bd3 g6 17. O-O c5 18. b3 cxd4 19. exd4 Bg4 20. Ne5 Bxe5 21. dxe5 Qxe5 22. Rfe1 Qc7 23. Nxd5 $18 1-0

[Event "XV South American-ch Open U20 2019"]
[Site "Asuncion"]
[Date "2019.05.17"]
[Round "9.3"]
[White "Cantero, Rodolfo"]
[Black "Donoso Diaz, Sebastian"]
[Result "0-1"]
[ECO "B40"]
[WhiteElo "2059"]
[BlackElo "2251"]
[Annotator "NA RC"]
[PlyCount "76"]
[EventDate "2019.05.11"]
[EventType "swiss"]
[EventCountry "PAR"]
[SourceTitle "playchess.com"]
[Source "ChessBase"]
[SourceQuality "1"]
[TimeControl "5400+30"]

1. e4 c5 2. Nf3 e6 3. b3 a6 4. Bb2 Nc6 5. Bd3 (5. Be2 d5 6. exd5 exd5 7. d4 Nf6 8. O-O Be7 9. dxc5 O-O 10. c4 Bxc5 11. Nc3 dxc4 12. Bxc4 Bg4 13. Nd5 Nxd5 14. Bxd5 {0-1 (29) Vachier Lagrave,M (2795)-Grischuk,A (2750) chess.com INT 2017}) 5... d6 6. O-O {[%emt 0:00:30] B40: Sicilian: 2...e6, Unusual lines} e5 7. Nc3 Nge7 $146 ({Predecessor:} 7... Nf6 8. h3 Be6 9. Re1 Be7 10. Bf1 O-O 11. d3 {½-½ (59) Mestek,I (2198)-Kolaric,S (2070) Nova Gorica 2012}) 8. Re1 h6 9. Bc4 b5 10. Bd5 Nxd5 11. Nxd5 g6 12. d3 Bg7 13. a4 Rb8 14. Qd2 O-O 15. g3 Be6 16. axb5 axb5 17. c4 Bg4 18. Nh4 bxc4 19. bxc4 Qg5 20. Ne3 Nd4 21. Ra2 Ra8 22. Bxd4 cxd4 23. Nxg4 Qxg4 24. Rea1 Rxa2 25. Rxa2 Rb8 (25... Bf6 $5 26. Ng2 h5 $11) 26. f3 Rb1+ 27. Kg2 Qc8 28. Rc2 Qa6 29. Rc1 Rb3 30. Qe2 Bf6 31. Kh3 Qa3 32. Rd1 {[%emt 0:00:30] [#]} Bg5 $1 33. Ng2 Rb2 34. Qf1 Be3 35. f4 Rf2 36. Nxe3 dxe3 37. Qg1 exf4 38. gxf4 $19 e2 0-1

[Event "XV South American-ch Open U20 2019"]
[Site "Asuncion"]
[Date "2019.05.17"]
[Round "9.4"]
[White "Estrada Lavin, Cristian Alexand"]
[Black "Benitez Galeano, Alejandro"]
[Result "1/2-1/2"]
[ECO "A06"]
[WhiteElo "2116"]
[BlackElo "2052"]
[Annotator "NA RC"]
[PlyCount "121"]
[EventDate "2019.05.11"]
[EventType "swiss"]
[EventCountry "PAR"]
[SourceTitle "playchess.com"]
[Source "ChessBase"]
[SourceQuality "1"]
[TimeControl "5400+30"]

1. Nf3 d5 2. b3 Bg4 3. Ne5 Bh5 4. d4 (4. g4 Bg6 5. Nxg6 hxg6 6. Bg2 Qd6 7. h3 Nd7 8. Bb2 e5 9. d3 c6 10. Nd2 Be7 11. e3 f5 {1-0 (46) Harika,D (2539)-Guramishvili,S (2357) Teheran 2017}) 4... Nd7 5. Bb2 e6 6. g3 {[%emt 0:03:30] A06: Réti Opening:1 Nf3 d5} Ngf6 7. Nxd7 Qxd7 8. Bg2 $146 ({Predecessor:} 8. Nd2 Qc6 9. c3 a5 10. a4 Qb6 11. Bg2 c5 12. O-O cxd4 13. cxd4 {1-0 (52) Boutteville,C-Gereben,E Bordeaux 1964}) 8... Be7 9. O-O O-O 10. Nd2 a5 11. c4 a4 12. f3 c5 13. Kh1 Rfd8 14. e3 Bg6 15. Qe2 b5 16. cxb5 Rdb8 17. dxc5 Rxb5 18. c6 Qxc6 19. Rfc1 Qd7 20. Be5 Rb7 21. bxa4 Ba3 22. Re1 Qxa4 23. Nb3 Nd7 24. Bb2 Bd3 25. Qxd3 Bxb2 26. Rab1 Bf6 27. Re2 Qc4 28. Rd1 Rba7 29. Qxc4 dxc4 30. Nc1 Nb6 31. f4 Rc8 32. Rd6 Na4 33. Rc6 Rxc6 34. Bxc6 Nc5 35. Rc2 Rc7 36. Bf3 c3 37. g4 g6 38. g5 Bg7 39. e4 Na6 40. a3 Bf8 41. Ne2 Bxa3 42. Rxc3 Bc5 43. e5 Rd7 44. Ng3 Bf8 45. Ne4 Rc7 46. Nf6+ Kh8 47. Rd3 Rc4 48. Rd8 Kg7 49. Ne8+ Kg8 50. Be2 Ra4 51. Nf6+ Kg7 52. Ne8+ Kg8 53. Nf6+ Kg7 54. Nd7 Be7 (54... Rd4 $1 $11) 55. Re8 Bb4 56. Nf6 Bf8 {[%emt 0:00:02] [#]} 57. Nxh7 ({White should try} 57. Bxa6 $1 $16 Rxa6 58. Kg2) 57... Bc5 $2 (57... Nc7 $11 {and Black stays safe.} 58. Rxf8 Nd5) 58. Nf6 Bf8 {[%emt 0:00:02] [#]} 59. Nd7 $1 Bb4 60. Nf6 $2 (60. Rc8 $18) 60... Bf8 $16 61. Nd7 1/2-1/2

[Event "XV South American-ch Open U20 2019"]
[Site "Asuncion"]
[Date "2019.05.17"]
[Round "9.7"]
[White "Heinechen, Juan"]
[Black "Aguilar, Luis Miguel"]
[Result "0-1"]
[ECO "C41"]
[WhiteElo "2123"]
[BlackElo "2193"]
[Annotator "NA RC"]
[PlyCount "54"]
[EventDate "2019.05.11"]
[EventType "swiss"]
[EventCountry "PAR"]
[SourceTitle "playchess.com"]
[Source "ChessBase"]
[SourceQuality "1"]
[TimeControl "5400+30"]

1. e4 d6 2. d4 Nf6 3. Nc3 Nbd7 4. Nf3 e5 5. Bc4 Be7 6. O-O h6 7. Re1 c6 8. a4 a5 9. h3 g5 10. Nh2 Qc7 11. Ba2 Nf8 12. d5 Rg8 13. Nf1 Ng6 14. Ne3 Nf4 15. Nf5 Bxf5 16. exf5 Qd7 17. dxc6 bxc6 18. Qf3 g4 19. hxg4 Rxg4 20. g3 Nh3+ 21. Kf1 Ng5 22. Qh1 Rc8 23. Qxh6 Qxf5 24. Bxg5 Rxg5 25. Qh2 Ng4 26. Qg1 Rh5 27. Re4 Rh1 0-1

[Event "XV South American-ch Open U20 2019"]
[Site "Asuncion"]
[Date "2019.05.17"]
[Round "9.8"]
[White "Cosme Contreras, Trilce"]
[Black "Suarez, Pedro"]
[Result "1/2-1/2"]
[ECO "A25"]
[WhiteElo "2051"]
[BlackElo "2077"]
[Annotator "NA RC"]
[PlyCount "94"]
[EventDate "2019.05.11"]
[EventType "swiss"]
[EventCountry "PAR"]
[SourceTitle "playchess.com"]
[Source "ChessBase"]
[SourceQuality "1"]
[TimeControl "5400+30"]

1. c4 e5 2. Nc3 d6 3. g3 Be6 4. d3 Qd7 5. Bg2 Nc6 6. Nf3 Bh3 7. O-O Bxg2 8. Kxg2 g6 9. Rb1 Bg7 10. b4 f5 11. e4 Nf6 12. Nd5 O-O 13. b5 Ne7 14. Nxe7+ Qxe7 15. Bg5 h6 16. Bxf6 Qxf6 17. Nh4 f4 18. Qg4 Kh7 19. Nf3 h5 20. Qh4 Bh6 21. Qxf6 Rxf6 {Bh6 Qxf6 Rxf6} 22. h4 fxg3 23. fxg3 Raf8 24. a4 Kg7 25. a5 Be3 26. Ra1 R8f7 27. a6 bxa6 28. Rxa6 Bb6 29. Ra2 Kf8 30. Nh2 Ke7 31. Rxf6 Rxf6 32. Nf3 Kd7 33. Ra1 Ke7 34. Rf1 Bc5 35. Nh2 Rxf1 36. Nxf1 Kf6 37. g4 g5 38. gxh5 gxh4 39. Kh3 Kg5 40. h6 Kxh6 41. Kxh4 Kg6 42. Kg4 Bf2 43. Nd2 Be3 44. Nb1 Bd4 45. Nd2 Be3 46. Nb3 Bb6 47. Nd2 Be3 1/2-1/2

[Event "XV South American-ch Open U20 2019"]
[Site "Asuncion"]
[Date "2019.05.17"]
[Round "9.9"]
[White "Ayala Ruiz, Miguel Angel"]
[Black "Gomez Barrera, Gonzalo Andres"]
[Result "1-0"]
[ECO "B22"]
[WhiteElo "1444"]
[BlackElo "2058"]
[Annotator "NA RC"]
[PlyCount "59"]
[EventDate "2019.05.11"]
[EventType "swiss"]
[EventCountry "PAR"]
[SourceTitle "playchess.com"]
[Source "ChessBase"]
[SourceQuality "1"]
[TimeControl "5400+30"]

1. e4 c5 2. d4 cxd4 3. c3 Nf6 4. e5 Nd5 {cxd5 Nd5} 5. cxd4 e6 6. Nf3 b6 7. Be2 Be7 8. O-O O-O 9. Nc3 Nxc3 10. bxc3 Qc7 11. Qc2 Ba6 12. c4 d5 13. Bd3 g6 14. h4 Bxc4 15. h5 Rc8 16. hxg6 hxg6 17. Bg5 Bxg5 18. Nxg5 Qe7 19. f4 Kg7 20. Rf3 Na6 21. a3 b5 22. Rg3 Bxd3 23. Qxd3 Rh8 24. Qxb5 Nc7 25. Qc6 Rh4 26. Rc1 Rc8 27. Qd6 Kf8 28. Rgc3 Re8 29. Rxc7 Qxd6 30. Rxf7+ 1-0

[Event "XV South American-ch Open U20 2019"]
[Site "Asuncion"]
[Date "2019.05.17"]
[Round "9.10"]
[White "Ayala Ruiz, Miguel Angel"]
[Black "Gomez Barrera, Gonzalo Andres"]
[Result "1-0"]
[ECO "B01"]
[WhiteElo "1444"]
[BlackElo "2058"]
[Annotator "NA RC"]
[PlyCount "33"]
[EventDate "2019.05.11"]
[EventType "swiss"]
[EventCountry "PAR"]
[SourceTitle "playchess.com"]
[Source "ChessBase"]
[SourceQuality "1"]
[TimeControl "5400+30"]

1. e4 d5 2. exd5 Qxd5 3. d4 Nf6 4. Nf3 Bg4 5. Be2 e6 6. O-O Nc6 7. c3 Be7 8. Qb3 O-O-O 9. Be3 Ne4 10. Rc1 f5 11. Bc4 Qd6 12. Bxe6+ Kb8 13. d5 Na5 14. Qa4 b6 15. b4 Nc4 16. Nd4 Bf6 17. Nb5 1-0

[Event "XV South American-ch Open U20 2019"]
[Site "Asuncion"]
[Date "2019.05.17"]
[Round "9.11"]
[White "Avalos Sanabria, Augusto Alfredo"]
[Black "Araoz Andrade, Ivan Alexander"]
[Result "0-1"]
[ECO "B90"]
[WhiteElo "1474"]
[BlackElo "1843"]
[Annotator "NA RC"]
[PlyCount "48"]
[EventDate "2019.05.11"]
[EventType "swiss"]
[EventCountry "PAR"]
[SourceTitle "playchess.com"]
[Source "ChessBase"]
[SourceQuality "1"]
[TimeControl "5400+30"]

1. e4 c5 2. Nf3 d6 3. d4 cxd4 4. Nxd4 Nf6 5. Nc3 a6 6. f3 e5 7. Nde2 Be6 8. Be3 h5 9. Bg5 Nbd7 10. h4 Be7 11. Qd2 b5 12. a3 Qb6 13. Be3 Qb7 14. Ng3 g6 15. Bd3 Nb6 16. b3 Rc8 17. O-O O-O 18. Bg5 Nh7 19. Nce2 Bxg5 20. hxg5 Qe7 21. Qa5 Qa7 22. Bxb5 Nc4+ 23. Kh1 Nxa5 24. Bd3 h4 0-1

[Event "XV South American-ch Open U20 2019"]
[Site "Asuncion"]
[Date "2019.05.17"]
[Round "9.12"]
[White "Menacho Admen, Victor Gabriel"]
[Black "Allo Collante, Enrique"]
[Result "0-1"]
[ECO "D51"]
[WhiteElo "1103"]
[BlackElo "1595"]
[Annotator "NA RC"]
[PlyCount "56"]
[EventDate "2019.05.11"]
[EventType "swiss"]
[EventCountry "PAR"]
[SourceTitle "playchess.com"]
[Source "ChessBase"]
[SourceQuality "1"]
[TimeControl "5400+30"]

1. d4 d5 2. c4 c6 3. Nc3 Nf6 4. Bg5 Nbd7 5. cxd5 cxd5 6. Nf3 e6 7. e3 Be7 8. Bb5 O-O 9. O-O a6 10. Ba4 b5 11. Bb3 Bb7 12. a3 Ne8 13. Bxe7 Qxe7 14. Re1 Nd6 15. Bc2 f5 16. Nd2 Qf6 17. f3 Nb6 18. e4 Qxd4+ 19. Kf1 fxe4 20. Ndxe4 Qxd1 21. Raxd1 Nxe4 22. Nxe4 dxe4 23. Bxe4 Bxe4 24. Rxe4 Rf6 25. Red4 Nd5 26. Kf2 Rc8 27. R1d2 Rc6 28. Ke2 Kf7 0-1